 Dungeon Crawl Stone Soup version 0.16.2-2-g470672f (webtiles) character file.

106 Engledude530 the Grave Robber (level 4, 0/24 HPs)
             Began as a Deep Elf Necromancer on Sept 2, 2015.
             Slain by a river rat (5 damage)
             ... on level 3 of the Dungeon.
             The game lasted 00:20:15 (2461 turns).

Engledude530 the Grave Robber (DENe)                Turns: 2461, Time: 00:20:15

Health: 0/24       AC:  3    Str:  5    XL:     4   Next: 55%
Magic:  15/15      EV: 13    Int: 21    God:
Gold:   120        SH:  0    Dex: 15    Spells: 4 memorised, 3 levels left

rFire  . . .     SeeInvis .     g - +1 dagger (freeze)
rCold  . . .     Clarity  .     a - +0 robe
rNeg   . . .     SustAb   .     (no shield)
rPois  .         Gourm    .     (no helmet)
rElec  .         Spirit   .     (no cloak)
rCorr  .         Warding  .     j - +0 pair of gloves
rMut   .         Stasis   .     (no boots)
MR     .....                    (no amulet)
Stlth  ++........               (no ring)
                                (no ring)

@: starving, not resistant to hostile enchantments, unstealthy
A: no striking features
a: no special abilities


You were on level 3 of the Dungeon.
You were starving.

You visited 1 branch of the dungeon, and saw 3 of its levels.

You collected 120 gold pieces.

Inventory:

Hand weapons
 d - a +0 club
 e - a +0 club
 g - a +1 dagger of freezing (weapon)
 m - a +0 mace
Missiles
 f - 28 stones (quivered)
 i - 27 bolts
 k - 8 poisoned needles
Armour
 a - a +0 robe (worn)
 j - a +0 pair of gloves (worn)
 n - a +0 scale mail
Scrolls
 l - 3 scrolls of teleportation
Books
 b - a book of Necromancy

   Spells                             Type                      Level
   a - Pain                           Necromancy                   1
   b - Animate Skeleton               Necromancy                   1
   c - Vampiric Draining              Necromancy                   3
   d - Regeneration                   Charms/Necromancy            3
   e - Animate Dead                   Necromancy                   4
   f - Control Undead                 Necromancy                   4
Comestibles
 c - 4 bread rations
 h - 3 chunks of flesh
 o - a meat ration


   Skills:
 + Level 0.2 Fighting
 + Level 0.2 Short Blades
 + Level 3.3 Dodging
 + Level 2.6 Stealth
 + Level 4.4 Spellcasting
 + Level 0.4 Charms
 + Level 5.9 Necromancy


You had 3 spell levels left.
You knew the following spells:

 Your Spells              Type           Power        Failure   Level  Hunger
a - Pain                  Necr           ####         1%          1    None
b - Animate Skeleton      Necr           N/A          1%          1    None
c - Regeneration          Chrm/Necr      ###.......   12%         3    ##.....
d - Vampiric Draining     Necr           ####......   2%          3    ##.....


Dungeon Overview and Level Annotations

Branches:
Dungeon (3/15)

Altars:


Message History

* * * LOW HITPOINT WARNING * * *
You don't have the energy to cast that spell.
You don't have the energy to cast that spell.
You swap places.
Your gnoll skeleton hits the river rat but does no damage.
The river rat bites your gnoll skeleton.
Your gnoll skeleton hits the river rat with a spear.
The river rat bites your gnoll skeleton.
The river rat bites your gnoll skeleton!
Your gnoll skeleton hits the river rat but does no damage.
The river rat bites your gnoll skeleton.
Your gnoll skeleton is destroyed!
Sorry, you're not good enough to have a special ability.
You don't have the energy to cast that spell.
A river rat comes into view.
Your orc skeleton hits the river rat with a whip.
The river rat bites your orc skeleton!
Your orc skeleton is destroyed!
The river rat bites you.
You die...

*,*********,,,,,,*
,,*,,,***,,,*+#*****
,,,,,,,,,,,,..(,,,,###*****
,,,,*,,*,*##.P.♣,*..§..,,,*
*,*,**,,**#.♣..♣,,P§..***,*
,***,,*,,,..♣..♣,♣§§♣,* *,*
*,,♣PP,,*,...♣..,§PP,.# *,*
,*,♣..♣P*,.♣.♣.♣♣.♣...# *,*
,P.♣♣.P♣♣♣.♣.♣.♣@.....#**,****
...♣.P.P..♣♣.♣.r♣?.......,,,>*
.8...♣P.♣P.r..♣.♣♣....##*,*,***
,,..P..♣..♣♣...♣.♣..#.# *,,,,,*
,,,♣♣..♣.♣.♣.###♣.P.♣,# *,,,*,*
,**♣P.♣.....##.##♣.##,*
*,,,*,***
*,,♣....♣..#'Z..'#P..,*
*,,,*,,,,
,*,♣..♣♣♣P.♣##.##.♣...*
*,,,*****
.♣*♣♣.♣♣♣♣.♣.###,P..♣,* *,,,*


You could see 2 river rats.

Vanquished Creatures
  A scorpion (D:1)
  An adder (D:3)
  2 gnolls (D:3)
  A giant gecko (D:1)
  An ooze (D:1)
  2 orcs (D:3)
  3 bats
  4 hobgoblins
  5 jackals
  3 giant cockroaches
  6 giant newts (D:1)
  A goblin (D:3)
  4 kobolds
  A plant (D:3)
35 creatures vanquished.

Vanquished Creatures (collateral kills)
  An adder (D:2)
  A giant gecko (D:1)
  2 ball pythons (D:1)
  2 goblins (D:1)
  A hobgoblin (D:1)
  2 jackals (D:1)
  2 giant newts (D:1)
  2 kobolds (D:1)
  2 plants (D:3)
15 creatures vanquished.

Vanquished Creatures (others)
  2 bat skeletons (D:1)
  A ball python skeleton (D:1)
  A giant gecko skeleton (D:1)
  2 giant newt skeletons (D:1)
  A gnoll skeleton (D:3)
  2 hobgoblin skeletons
  5 jackal skeletons
  A kobold skeleton (D:1)
  An orc skeleton (D:3)
  A plant (D:3)
17 creatures vanquished.

Grand Total: 67 creatures vanquished

Notes
Turn   | Place    | Note
--------------------------------------------------------------
     0 | D:1      | Engledude530, the Deep Elf Necromancer, began the quest for the Orb.
     0 | D:1      | Reached XP level 1. HP: 10/10 MP: 5/5
    36 | D:1      | Learned a level 1 spell: Animate Skeleton
    52 | D:1      | Reached skill level 5 in Necromancy
   411 | D:1      | Reached XP level 2. HP: 10/15 MP: 8/8
  1467 | D:1      | Noticed a scorpion
  1481 | D:1      | Killed a scorpion
  1481 | D:1      | Reached XP level 3. HP: 19/19 MP: 10/12
  1524 | D:2      | Learned a level 3 spell: Regeneration
  1528 | D:2      | Learned a level 3 spell: Vampiric Draining
  2074 | D:3      | Reached XP level 4. HP: 24/24 MP: 15/15
  2461 | D:3      | Slain by a river rat

Action                   |  1- 3 |  4- 6 || total
-------------------------+-------+-------++-------
Melee: Unarmed           |     4 |       ||     4
       Dagger            |    47 |   100 ||   147
       Club              |     1 |       ||     1
 Cast: Pain              |    11 |     7 ||    18
       Animate Skeleton  |    25 |     4 ||    29
       Regeneration      |     2 |       ||     2
       Vampiric Draining |     1 |     5 ||     6
  Use: Scroll            |     2 |     1 ||     3
       Potion            |     3 |     1 ||     4
 Stab: Distracted        |     1 |       ||     1
       Sleeping          |     1 |       ||     1
  Eat: Chunk             |     3 |       ||     3
